 Dungeon Crawl Stone Soup version 0.27-a0-789-g6bb3289e1e (webtiles) character file.

Game seed: 5641995258459908358

8234 polve the Schismatic (level 11, -7/154 HPs)
             Began as a Demonspawn Abyssal Knight on Mar 26, 2021.
             Was an Elder of Lugonu.
             Mangled by Snorg (10 damage)
             ... on level 10 of the Dungeon.
             The game lasted 00:32:11 (13338 turns).

polve the Schismatic (Demonspawn Abyssal Knight)   Turns: 13338, Time: 00:32:11

Health: -7/154     AC: 25    Str: 13    XL:     11   Next: 7%
Magic:  0/18       EV:  2    Int: 16    God:    Lugonu [****..]
Gold:   532        SH:  0    Dex: 11    Spells: 7/18 levels left

rFire    . . .     SeeInvis .   (no weapon)
rCold    . . .     Faith    .   (no shield)
rNeg     + + +     Spirit   +   (armour currently unavailable)
rPois    +         Reflect  .   (helmet currently unavailable)
rElec    .         Harm     .   (cloak currently unavailable)
rCorr    .         Rampage  .   (gloves currently unavailable)
Will     .....     NoTele   +   (boots currently unavailable)
Stlth    +.........             A - amulet of regeneration
HPRegen  1.35/turn              c - +4 ring of evasion
MPRegen  0.32/turn              i - +4 ring of evasion

@: tree-form, hasted, very quick
A: stationary, stasis, torment immunity, boosted hp, (antennae 2), foul stench
1, magic shield, magic regeneration, clumsy 1, robust 2, wild magic 1
a: Renounce Religion, Depart the Abyss, Bend Space, Banish, Corrupt


You were on level 10 of the Dungeon.
You worshipped Lugonu.
Lugonu was greatly pleased with you.
You were a tree.
You visited 1 branch of the dungeon, and saw 10 of its levels.
You visited the Abyss 1 time.

You collected 532 gold pieces.

Inventory:

Hand Weapons
 B - a +0 scimitar
Armour
 l - a +1 leather armour of poison resistance
 n - a +0 pair of gloves (melded)
 y - +0 steam dragon scales (melded)
 G - a +0 pair of boots (melded)
Jewellery
 b - a ring of flight
 c - a +4 ring of evasion (right branch)
 f - a ring of willpower
 i - a +4 ring of evasion (left branch)
 m - an amulet of the acrobat
 x - a ring of protection from fire
 A - an amulet of regeneration (around neck)
 C - a ring of fire
 E - a +6 ring of dexterity
Wands
 e - a wand of random effects (12)
 h - a wand of acid (9)
 j - a wand of polymorph (10)
Scrolls
 d - 4 scrolls of immolation
 u - a scroll of vulnerability
 v - a scroll of enchant armour {unknown}
 D - a scroll of fog
 H - a scroll of blinking
Potions
 a - a potion of brilliance
 g - 3 potions of mutation
 o - 2 potions of cancellation
 q - 3 potions of attraction
 s - a potion of flight
 w - a potion of lignification


   Skills:
 - Level 7.8 Fighting
 - Level 8.1 Long Blades
 - Level 1.7 Armour
 - Level 0.8 Dodging
 - Level 4.0 Spellcasting
 - Level 8.0 Conjurations
 - Level 2.0 Summonings
 + Level 2.3 Fire Magic
 + Level 2.3 Air Magic
 + Level 2.4 Poison Magic
 - Level 10.0 Invocations


You had 7 spell levels left.
You knew the following spells:

 Your Spells              Type           Power      Damage    Failure   Level
a - Magic Dart            Conj           100%       1d8       1%          1
c - Conjure Flame         Conj/Fire      25%        6-21      10%         3
d - Mephitic Cloud        Conj/Pois/Air  21%        N/A       13%         3
i - Call Imp              Summ           12%        N/A       16%         2
w - Wereblood             Tmut           4%         N/A       34%         2

Your spell library contained the following spells:

 Spells                   Type           Power      Damage    Failure   Level
 Summon Small Mammal      Summ           48%        N/A       12%         1
 Animate Skeleton         Necr           8%         N/A       24%         1
 Apportation              Tloc           8%         N/A       24%         1
 Beastly Appendage        Tmut           8%         N/A       24%         1
 Corona                   Hex            4%         N/A       24%         1
 Blink                    Tloc           N/A        N/A       34%         2
 Slow                     Hex            4%         N/A       34%         2
 Spider Form              Tmut/Pois      4%         N/A       38%         3
 Ice Form                 Ice/Tmut       4%         N/A       90%         4
 Blade Hands              Tmut           2%         N/A       99%         5


Dungeon Overview and Level Annotations

Branches:
Dungeon (10/15)            Temple (0/1) D:4
   Lair: D:8-11         Orc: D:9-12

Altars:
Dithmenos
Hepliaklqana
Nemelex Xobeh
Wu Jian
Xom
Zin
The Shining One

Shops:
D:1 [   D:4 =

Annotations:
D:10 Snorg


Innate Abilities, Weirdness & Mutations

You are a tree.
Your roots penetrate the ground, keeping you stationary.
You cannot be teleported.
You are immune to unholy pain and torment.
Your maximum health is greatly increased.
Your equipment is partially melded.
((You have a pair of antennae on your head.))
You may rarely emit foul miasma when damaged in melee.
When hurt, damage is shared between your health and your magic reserves.
You regenerate magic rapidly.
You are clumsy. (Dex -2)
You are very robust. (+20% HP)
Your spells are a little harder to cast, but a little more powerful.


Message History

Snorg is engulfed in dark miasma.
Snorg looks even sicker.
Snorg seems to slow down.
Snorg bites you but does no damage. Snorg completely misses you.
Snorg claws you.
* * * LOW HITPOINT WARNING * * *
You feel yourself speed up.
Snorg is engulfed in dark miasma.
Snorg looks as sick as possible!
Snorg seems to slow down.
Snorg bites you but does no damage. Snorg claws you but does no damage.
Snorg claws you!
* * * LOW HITPOINT WARNING * * *
You are now empty-handed.
You smack Snorg!
Snorg is moderately wounded.
You hit Snorg but do no damage.
Snorg is moderately wounded.
Snorg is engulfed in dark miasma.
Snorg looks as sick as possible!
Snorg bites you!
* * * LOW HITPOINT WARNING * * *
Snorg claws you.
* * * LOW HITPOINT WARNING * * *
Snorg claws you.
* * * LOW HITPOINT WARNING * * *
You feel better.
Snorg is engulfed in dark miasma.
Snorg looks as sick as possible!
Snorg bites you but does no damage. Snorg barely misses you. Snorg claws you.
* * * LOW HITPOINT WARNING * * *
You feel better.
You hit Snorg.
Snorg is heavily wounded.
Snorg bites you but does no damage. Snorg claws you!
* * * LOW HITPOINT WARNING * * *
Snorg claws you!
* * * LOW HITPOINT WARNING * * *
You emit a cloud of foul miasma!
Okay, then.
You cannot blink because you are held in place by your roots.
You hit Snorg.
Snorg is heavily wounded.
Snorg is engulfed in dark miasma.
Snorg looks as sick as possible!
Snorg seems to slow down.
Snorg bites you!
You die...

##########
#........#
#........# ##
#...<..).# ...
#........# ....
#....)...# .....
#..T♣....#
...[..#........#
...............#
......########.#
...... .# .....
# ..... ....
####


You could see Snorg (berserk, extremely poisoned, slow).

Vanquished Creatures
  3 kobold demonologists
  Maggie (D:6)
  A troll (D:9)
  A hornet (D:8)
  Grinder (D:6)
  A wraith (D:9)
  6 yaks (D:9)
  A wyvern (D:8)
  Menkaure (D:5)
  A steam dragon (D:9)
  A water moccasin (D:7)
  6 orc warriors
  A sky beast (D:6)
  A hornet zombie (D:7)
  3 necrophages
  An ogre (D:5)
  2 black bears (D:5)
  An ice beast (D:6)
  10 centaurs
  A phantom (D:3)
  5 bullfrogs
  A kobold brigand (D:8)
  2 water moccasin zombies (D:6)
  A wyvern zombie (D:6)
  3 scorpions
  A water moccasin skeleton (D:6)
  A wyvern skeleton (D:6)
  A wight (D:6)
  2 howler monkeys
  7 bullfrog zombies
  5 centaur zombies
  3 hounds
  2 gnoll shamans
  3 orc priests
  4 bullfrog skeletons
  3 centaur skeletons
  Natasha (thrice) (D:2)
  4 iguanas
  11 orc wizards
  4 killer bee zombies
  A hound zombie (D:5)
  A hound skeleton (D:4)
  A howler monkey skeleton (D:7)
  4 howler monkey zombies (D:6)
  10 gnolls
  6 adders
  A shadow imp (D:7)
  A white imp (D:7)
  3 ufetubi
  4 worms
  2 dart slugs
  24 orcs
  6 ball pythons
  4 bats
  8 endoplasms
  2 giant cockroaches (D:1)
  6 goblins
  6 hobgoblins
  7 jackals
  13 kobolds
  4 quokkas
  2 frilled lizards
  5 rats
231 creatures vanquished.

Vanquished Creatures (collateral kills)
  Erolcha (D:9)
1 creature vanquished.

Vanquished Creatures (others)
  A plant (D:2)
  5 withered plants (D:6)
6 creatures vanquished.

Grand Total: 238 creatures vanquished

Notes
Turn   | Place    | Note
-------+----------+-------------------------------------------
     0 | Abyss:1  | polve the Demonspawn Abyssal Knight began the quest for the
                  | Orb.
     0 | Abyss:1  | Reached XP level 1. HP: 18/18 MP: 2/2
    23 | Abyss:1  | Found a corrupted altar of Lugonu.
   191 | Abyss:2  | Noticed a small abomination
   207 | D:1      | Escaped the Abyss
   460 | D:1      | Found a shimmering altar of Xom.
   692 | D:1      | Gained mutation: You regenerate magic rapidly. [demonic
                  | ancestry]
   692 | D:1      | Reached XP level 2. HP: 20/24 MP: 3/3
   699 | D:1      | Reached * piety under Lugonu
  1215 | D:1      | Found Iheamus's Armour Emporium.
  1260 | D:1      | Reached XP level 3. HP: 28/29 MP: 4/4
  1805 | D:2      | Noticed Natasha
  1810 | D:2      | Gained mutation: You are robust. (+10% HP) [potion of
                  | mutation]
  1810 | D:2      | Gained mutation: You are clumsy. (Dex -2) [potion of
                  | mutation]
  1810 | D:2      | Gained mutation: You evolve. [potion of mutation]
  1816 | D:2      | Killed Natasha
  1817 | D:2      | Reached XP level 4. HP: 32/38 MP: 5/5
  1891 | D:2      | Noticed Natasha
  1899 | D:2      | Killed Natasha
  1903 | D:2      | Noticed Natasha
  1937 | D:2      | Killed Natasha
  2394 | D:2      | Gained mutation: You have a pair of small antennae on your
                  | head. [demonic ancestry]
  2394 | D:2      | Reached XP level 5. HP: 45/45 MP: 6/6
  2470 | D:2      | Learned a level 1 spell: Magic Dart
  2473 | D:2      | Learned a level 2 spell: Blink
  2528 | D:2      | Found a faded altar of an unknown god.
  2577 | D:2      | Found a shadowy altar of Dithmenos.
  2636 | D:2      | Reached ** piety under Lugonu
  2747 | D:2      | Gained mutation: Your spells are a little harder to cast,
                  | but a little more powerful. [evolution]
  3326 | D:3      | Reached skill level 1 in Conjurations
  3586 | D:4      | Reached skill level 1 in Spellcasting
  3614 | D:4      | Noticed an orc warrior
  3827 | D:4      | Gained mutation: When hurt, damage is shared between your
                  | health and your magic reserves. [demonic ancestry]
  3827 | D:4      | Reached XP level 6. HP: 51/51 MP: 5/8
  4121 | D:4      | Killed an orc warrior
  4458 | D:4      | Found a staircase to the Ecumenical Temple.
  4550 | D:4      | Found Ozutsop's Jewellery Emporium.
  4730 | D:4      | Gained mutation: You may rarely emit foul miasma when
                  | damaged in melee. [demonic ancestry]
  4730 | D:4      | Reached XP level 7. HP: 33/57 MP: 8/10
  4891 | D:5      | Entered Level 5 of the Dungeon
  5273 | D:5      | Reached skill level 5 in Conjurations
  5384 | D:5      | Gained mutation: You are very robust. (+20% HP) [evolution]
  5537 | D:5      | Learned a level 3 spell: Conjure Flame
  5540 | D:5      | Learned a level 2 spell: Call Imp
  5544 | D:5      | Learned a level 3 spell: Mephitic Cloud
  5586 | D:5      | Noticed Menkaure
  5653 | D:5      | Killed Menkaure
  6005 | D:5      | Reached XP level 8. HP: 59/69 MP: 6/13
  6181 | D:5      | Reached skill level 4 in Invocations
  6400 | D:5      | Lost mutation: You evolve. [evolution]
  6447 | D:5      | Found a sparkling altar of Nemelex Xobeh.
  6502 | D:5      | Reached skill level 5 in Invocations
  6674 | D:5      | Reached *** piety under Lugonu
  6675 | D:5      | Reached skill level 6 in Invocations
  6932 | D:6      | Reached skill level 7 in Invocations
  7006 | D:6      | Noticed Grinder
  7026 | D:6      | Paralysed by Grinder for 4 turns
  7044 | D:6      | Killed Grinder
  7045 | D:6      | Reached skill level 8 in Invocations
  7229 | D:6      | Reached skill level 9 in Invocations
  7559 | D:7      | Reached XP level 9. HP: 72/75 MP: 12/16
  7693 | D:7      | Reached skill level 10 in Invocations
  7698 | D:7      | Reached skill level 5 in Long Blades
  7893 | D:7      | Found an ornate altar of the Wu Jian Council.
  8549 | D:7      | Found a hazy altar of Hepliaklqana.
  8550 | D:7      | Found a shimmering altar of Xom.
  8551 | D:7      | Noticed a spectral ugly thing
  8551 | D:7      | Noticed a hell beast
  9000 | D:6      | Reached skill level 5 in Fighting
  9092 | D:6      | Identified the +0 leather armour "Attat" {rF- Int+2 Dex+2}
  9207 | D:6      | Reached **** piety under Lugonu
  9281 | D:6      | Noticed Maggie
  9313 | D:6      | Killed Maggie
  9983 | D:6      | Reached XP level 10. HP: 75/87 MP: 10/17
 12192 | D:8      | Reached skill level 1 in Summonings
 12192 | D:8      | Reached skill level 1 in Fire Magic
 12192 | D:8      | Reached skill level 1 in Air Magic
 12192 | D:8      | Reached skill level 1 in Poison Magic
 12679 | D:9      | Learned a level 2 spell: Wereblood
 12869 | D:9      | Gained mutation: You have a pair of antennae on your head.
                  | [demonic ancestry]
 12869 | D:9      | Reached XP level 11. HP: 78/103 MP: 12/18
 12994 | D:9      | Noticed Erolcha
 13028 | D:9      | Killed Erolcha
 13289 | D:10     | Entered Level 10 of the Dungeon
 13317 | D:10     | Noticed Snorg
 13337 | D:10     | HP: 3/154 [Snorg (14)]
 13338 | D:10     | Mangled by Snorg

Illustrated notes

Levels and vault maps discovered:
D:1:      kilobyte_arrival_exit_the_forest, layout_basic, serial_shops, shop,
          minmay_misc_feat_tiny, dk_noncrumbling_4, xom_teletrap_fun
D:2:      layout_rooms, grunt_dithmenos_smoke,
          chequers_ecumenical_altar_simple_redux, serial_bayou_pond_a,
          uniq_natasha
D:3:      layout_rooms
D:4:      layout_rooms, minmay_temple_entry_grid,
          minmay_shop_enchanted_jewellery, minmay_misc_feat_rows
D:5:      layout_loops_corners, basic_altar, kennysheep_generic_room_7,
          uniq_menkaure
D:6:      layout_rooms, serial_undead, serial_undead_a, serial_undead_e,
          serial_undead_b, serial_undead_b, serial_undead_f, serial_undead_c,
          serial_undead_a, serial_undead_d, serial_undead_e, serial_undead_c,
          minmay_bent, uniq_maggie, uniq_grinder
D:7:      layout_basic, regret_index_temple_of_mockery,
          grunt_temple_overflow_open, kennysheep_pointless_box
D:8:      layout_loops_cross, basic_altar, centaur_isle
D:9:      layout_loops_cross, uniq_erolcha
D:10:     layout_basic, special_room [special_room_orc], uniq_snorg

Skill      XL: |  1  2  3  4  5  6  7  8  9 10 |
---------------+-------------------------------+-----
Long Blades    | 2 3 4 7 8 |  8.1
Conjurations   | 2 4 6 8 |  8.0
Spellcasting   | 1 2 3 4 |  4.0
Invocations    | 9 10 | 10.0
Fighting       | 6 7 |  7.8
Summonings     | 2 |  2.0
Fire Magic     | 2 |  2.3
Air Magic      | 2 |  2.3
Poison Magic   | 2 |  2.4
Armour         | |  1.7
Dodging        | |  0.8

Action                   |  1- 3 |  4- 6 |  7- 9 | 10-12 || total
-------------------------+-------+-------+-------+-------++-------
Melee: Falchion          |    96 |   210 |   330 |       ||   636
       Unarmed           |       |    23 |    20 |     4 ||    47
       Long sword        |       |       |    47 |    25 ||    72
       Scimitar          |       |       |       |   267 ||   267
 Cast: Magic Dart        |       |    19 |   232 |   145 ||   396
       Mephitic Cloud    |       |       |       |     4 ||     4
       Wereblood         |       |       |       |     1 ||     1
       Conjure Flame     |       |       |       |     2 ||     2
Invok: Depart the Abyss  |     1 |       |       |       ||     1
       Bend Space        |       |     1 |     1 |       ||     2
  Use: Potion            |     2 |     5 |     3 |     7 ||    17
       Scroll            |       |     7 |     5 |     5 ||    17
 Stab: Sleeping          |     1 |       |       |       ||     1
Armor: Leather armour    |     9 |    29 |    63 |       ||   101
       Skin              |       |    13 |    14 |     6 ||    33
       Steam dragon scal |       |       |     7 |    71 ||    78
Dodge: Dodged            |    71 |   172 |   533 |   460 ||  1236
       Rpst.: Falchion   |    27 |    61 |   138 |       ||   226
       Long sword        |       |       |     7 |     6 ||    13
       Scimitar          |       |       |       |    73 ||    73

Table legend: (Time is in decaauts)
 A = Elapsed time spent in this place.
 B = Non-inter-level travel time spent in this place.
 C = Inter-level travel time spent in this place.
 D = Time resting spent in this place.
 E = Time spent auto-exploring this place.
 F = Levels seen in this place.
 G = Mean time per level.
                   A        B        C        D        E       F      G
               +--------+--------+--------+--------+--------+-----+--------+
         Total |  13406 |  12918 |    488 |    352 |   9954 |  12 | 1117.2 |
       Dungeon |  13199 |  12711 |    488 |    352 |   9797 |  10 | 1319.9 |
         Abyss |    206 |    206 |      0 |      0 |    157 |   2 |  103.0 |
               +--------+--------+--------+--------+--------+-----+--------+

Top non-repeatable levels by time:
     D:5: 2159 daAuts
     D:6: 1900 daAuts
     D:8: 1656 daAuts
     D:7: 1566 daAuts
     D:1: 1354 daAuts
     D:2: 1289 daAuts
     D:9: 1140 daAuts
     D:3: 1071 daAuts
     D:4: 1014 daAuts
 Abyss:1: 175 daAuts
    D:10: 46 daAuts
 Abyss:2: 31 daAuts
